 Dungeon Crawl Stone Soup version 0.30-a0-1160-g6e42c06551 (webtiles) character file.

Game seed: 3101328682957855195

2218 Jase the Blocker (level 9, 0/64 HPs)
             Began as a Formicid Fighter on Apr 26, 2023.
             Was a Believer of Nemelex Xobeh.
             Slain by a manticore (9 damage)
             ... on level 7 of the Dungeon.
             The game lasted 00:13:55 (5597 turns).

Jase the Blocker (Formicid Fighter)                 Turns: 5597, Time: 00:13:57

Health: 0/64       AC: 19    Str: 25    XL:     9   Next: 61%
Magic:  12/12      EV:  9    Int:  8    God:    Nemelex Xobeh [**....]
Gold:   451        SH:  6    Dex: 13    Spells: 8/8 levels left

rFire   + . .        a - +0 war axe (flame)
rCold   . . .        c - +0 buckler
rNeg    . . .        o - +6 scale mail of the Ten Ghosts {rF+}
rPois   .            (helmet unavailable)
rElec   .            (no cloak)
rCorr   .            p - +0 pair of gloves
SInv    +            (no boots)
Will    .....        (no amulet) Stlth
                     u - +4 ring of protection
HPRegen 0.30/turn    (no ring)
MPRegen 0.13/turn

%: no passive effects
@: mighty
A: permanent stasis, dig shafts and tunnels, antennae 3, four strong arms
a: Dig, Shaft Self, Renounce Religion, Draw Escape, Draw Destruction, Draw
Summoning


You were on level 7 of the Dungeon.
You worshipped Nemelex Xobeh.
Nemelex Xobeh was pleased with you.
You visited 1 branch of the dungeon, and saw 7 of its levels.
You also visited: Sewer.

You collected 451 gold pieces.

Inventory:

Hand Weapons
 a - a +0 war axe of flaming (weapon)
 b - a +0 sling
 J - a +0 battleaxe
Missiles
 v - 8 poisoned darts
 w - a curare-tipped dart
 y - 4 boomerangs of dispersal
Armour
 c - a +0 buckler (worn)
 o - the +6 scale mail of the Ten Ghosts (worn) {rF+}
   (You found it on level 6 of the Dungeon)

   rF:        It protects you from fire.
 p - a +0 pair of gloves (worn)
Jewellery
 u - a +4 ring of protection (left hand)
Wands
 C - a wand of iceblast (5)
 I - a wand of light (6)
Scrolls
 e - 3 scrolls of teleportation {unknown}
 g - a scroll of magic mapping {unknown}
 k - a scroll of immolation {unknown}
 l - 4 scrolls of vulnerability {unknown}
 q - 5 scrolls of fog {unknown}
 r - 4 scrolls of identify {unknown}
 s - a scroll of noise {unknown}
 x - a scroll of brand weapon {unknown}
 D - a scroll of blinking {unknown}
 E - a scroll of poison {unknown}
 F - 2 scrolls of amnesia {unknown}
 G - a scroll of fear {unknown}
Potions
 d - 4 potions of might
 f - 2 potions of cancellation
 h - 2 potions of heal wounds
 i - a potion of haste {unknown}
 j - 4 potions of curing
 m - 6 potions of flight
 n - 2 potions of degeneration {unknown}
 t - 2 potions of brilliance {unknown}
 z - 2 potions of attraction {unknown}
 A - a potion of ambrosia {unknown}
 B - a potion of resistance {unknown}
 H - a potion of berserk rage {unknown}


   Skills:
 - Level 3.2 Fighting
 * Level 8.3 Axes
 + Level 7.0 Armour
 + Level 8.4 Shields
 + Level 5.1 Invocations


You had 8 spell levels left.
You didn't know any spells.
Your spell library contained the following spells:

 Spells                   Type           Power      Damage    Failure   Level
 Passage of Golubria      Tloc           0%         N/A       100%        4
 Silence                  Hex/Air        0%         N/A       100%        5
 Lehudib's Crystal Spear  Conj/Erth      0%         10d2      100%        8
 Chain Lightning          Conj/Air       0%         N/A       100%        9
 Fire Storm               Conj/Fire      0%         5d1       100%        9
 Shatter                  Erth           0%         3d5*      100%        9


Dungeon Overview and Level Annotations

Branches:
Dungeon (7/15)             Temple (0/1) D:5           Sewer (visited)

Altars:
Fedhas
Nemelex Xobeh
Uskayaw
Vehumet
Wu Jian
Xom

Shops:
D:4 :

Annotations:
D:3 15 exclusions


Innate Abilities, Weirdness & Mutations

You cannot be hasted, slowed, berserked, paralysed or teleported.
You can dig through walls and to a lower floor.
You have a pair of large antennae on your head. (SInv)
Your four strong arms can wield two-handed weapons with a shield.


Message History

The vampire mosquito bites you but does no damage.
You closely miss the vampire mosquito.
The vampire mosquito is almost destroyed.
You block the vampire mosquito's attack.
The vampire mosquito bites you but does no damage.
The vampire mosquito bites you.
The vampire mosquito draws strength from your injuries!
You slash the vampire mosquito! You burn the vampire mosquito.
You destroy the vampire mosquito!
Your Armour skill increases to level 7!
Your Invocations skill increases to level 5!
You barely miss the manticore. The manticore bites you!
The manticore barely misses you. You block the manticore's attack.
The manticore bites you.
The manticore claws you but does no damage.
The manticore closely misses you.
You hit the manticore. You burn the manticore.
The manticore is lightly wounded.
The manticore bites you!!
* * * LOW HITPOINT WARNING * * *
The manticore claws you.
* * * LOW HITPOINT WARNING * * *
The manticore misses you.
You feel much better.
The manticore bites you but does no damage.
The manticore claws you but does no damage.
You block the manticore's attack.
You feel very mighty all of a sudden. The manticore bites you!
* * * LOW HITPOINT WARNING * * *
The manticore claws you but does no damage.
The manticore closely misses you.
Unknown command.
You slice the manticore!! You burn the manticore.
The manticore is heavily wounded.
The manticore bites you.
* * * LOW HITPOINT WARNING * * *
You block the manticore's attack. The manticore claws you!
You die...
Your body glows slightly and disappears.

#.##.#.#......# #
#.##.#.#......# #
#.##.#..........
#....###################
###.##) #.....#.....#..
#.##. #..)..#.....#..
#.##) #..#..#..#..#..
#.##H###..#..#.)#.)#..
#†##.@....#.....#.....
#.##......#.....#.....
#.####################
#.....................
##.....).)............
#####################
#co.o.#.....
#o....#..... {
#..#..#..#..


You could see a manticore and an orc.

Vanquished Creatures
  A steam dragon (D:7)
  A vampire mosquito (D:7)
  Menkaure (D:5)
  An orc warrior (D:7)
  A sky beast (D:6)
  An ice beast (D:7)
  2 ogres
  2 kobold brigands (Sewer)
  A bullfrog (D:6)
  2 scorpions
  A wight (D:7)
  A howler monkey (D:6)
  2 jellies
  3 orc priests
  5 hounds
  10 iguanas
  2 sleepcaps (D:7)
  4 orc wizards
  Robin (D:2)
  3 gnolls (D:7)
  4 adders
  2 river rats (Sewer)
  5 white imps
  4 ufetubi
  A worm (D:2)
  4 dart slugs
  12 orcs
  12 endoplasms
  A giant cockroach (D:3)
  12 goblins
  10 hobgoblins
  3 jackals (D:4)
  18 kobolds
  3 quokkas
  10 ball pythons
  5 bats
  4 frilled lizards
  6 rats
161 creatures vanquished.

Vanquished Creatures (others)
  3 fungi (D:3)
  3 plants (D:5)
  8 toadstools (D:3)
14 creatures vanquished.

Grand Total: 175 creatures vanquished

Notes
Turn   | Place    | Note
-------+----------+-------------------------------------------
     0 | D:1      | Jase the Formicid Fighter began the quest for the Orb.
     0 | D:1      | Reached XP level 1. HP: 18/18 MP: 1/1
   257 | D:1      | Reached XP level 2. HP: 24/24 MP: 2/2
   862 | D:2      | Reached XP level 3. HP: 29/29 MP: 3/3
   965 | D:2      | Noticed Robin
   981 | D:2      | Killed Robin
   982 | D:2      | Reached XP level 4. HP: 21/35 MP: 4/4
  1518 | D:3      | Reached skill level 5 in Shields
  1518 | D:3      | Reached XP level 5. HP: 41/41 MP: 5/5
  1835 | D:3      | Found a glowing drain.
  1840 | Sewer    | Entered a sewer
  1917 | Sewer    | Noticed a kobold brigand
  1924 | Sewer    | Noticed a kobold brigand
  1931 | Sewer    | Killed a kobold brigand
  1932 | Sewer    | Reached XP level 6. HP: 31/47 MP: 6/6
  2007 | Sewer    | Found a white marble altar of Elyvilon.
  2415 | D:4      | Reached skill level 5 in Axes
  2459 | D:4      | Reached XP level 7. HP: 6/52 MP: 7/7
  2675 | D:4      | Found Gohylea's Self-Improvement Boutique.
  2725 | D:4      | Reached skill level 5 in Armour
  2809 | D:4      | Found a sparkling altar of Nemelex Xobeh.
  2815 | D:4      | Became a worshipper of Nemelex Xobeh the Trickster
  3049 | D:4      | Noticed a +0 spear
  3049 | D:4      | Noticed a +0 falchion
  3050 | D:4      | Noticed a +0 spear
  3051 | D:4      | Noticed a +0 short sword
  3051 | D:4      | Noticed a +0 dagger
  3051 | D:4      | Noticed a +0 dagger
  3051 | D:4      | Noticed a +0 falchion
  3051 | D:4      | Noticed a +0 short sword
  3055 | D:4      | Found a hide-covered altar of Uskayaw.
  3205 | D:5      | Entered Level 5 of the Dungeon
  3205 | D:5      | Found a radiant altar of Vehumet.
  3205 | D:5      | Found a shimmering altar of Xom.
  3233 | D:5      | Reached skill level 1 in Invocations
  3355 | D:5      | Noticed Menkaure
  3372 | D:5      | Killed Menkaure
  3524 | D:5      | Reached XP level 8. HP: 57/58 MP: 9/9
  3601 | D:5      | Reached * piety under Nemelex Xobeh
  3605 | D:5      | Found a blossoming altar of Fedhas.
  3907 | D:5      | Received a gift from Nemelex Xobeh
  3918 | D:5      | Found a staircase to the Ecumenical Temple.
  4312 | D:6      | Identified the +6 scale mail of the Ten Ghosts {rF+}
  4545 | D:6      | Reached ** piety under Nemelex Xobeh
  4854 | D:6      | Reached XP level 9. HP: 56/64 MP: 11/11
  4896 | D:6      | Found an ornate altar of the Wu Jian Council.
  5578 | D:7      | Noticed a manticore
  5593 | D:7      | Reached skill level 5 in Invocations
  5597 | D:7      | Slain by a manticore

Illustrated notes

Levels and vault maps discovered:
D:1:      erik_arrival_blinker_ship, layout_basic
D:2:      layout_rooms, uniq_robin
D:3:      cheibrodos_fertilizer, layout_basic, portal_sewer_entry_e,
          mrwooster_statue_mirror
D:4:      layout_loops_cross, nemelex_xobeh_ov_fountains_minmay,
          nicolae_uskayaw_en_pointe, small_statue_intersection,
          nicolae_shop_self_help
D:5:      layout_loops_ring, mainiacjoe_overflow_boulevard,
          grunt_temple_overflow_open, minmay_temple_entry_ruins, serial_bayou,
          serial_bayou_pond_b, serial_bayou_pond_d, serial_bayou_pond_d,
          serial_bayou_shore_a, serial_bayou_pond_e, uniq_menkaure
D:6:      layout_basic, mainiacjoe_overflow_alcove_4
D:7:      kennysheep_windowed_halls, layout_basic,
          mainiacjoe_overflow_cross_hatched, kennysheep_mini_moat,
          kennysheep_diamond, hangedman_abyss_or_decor_stagger,
          kennysheep_generic_room_6

Skill      XL: |  1  2  3  4  5  6  7  8  9 |
---------------+----------------------------+-----
Axes           | 3 4 5 6 7 8 |  8.3
Armour         | 4 5 6 7 |  7.0
Shields        | 5 6 7 8 |  8.4
Invocations    | 2 3 5 |  5.1
Fighting       | |  3.2

Action                     |  1- 3 |  4- 6 |  7- 9 || total
---------------------------+-------+-------+-------++-------
  Melee: War axe           |    80 |   121 |   237 ||   438
    Use: Potion            |       |     2 |     3 ||     5
 Armour: Scale mail        |    31 |       |    74 ||   105
         Chain mail        |       |    63 |    50 ||   113
  Dodge: Dodged            |    37 |    42 |    96 ||   175
  Block: Buckler           |    16 |    29 |    66 ||   111

Table legend: (Time is in decaauts)
 A = Elapsed time spent in this place.
 B = Non-inter-level travel time spent in this place.
 C = Inter-level travel time spent in this place.
 D = Time resting spent in this place.
 E = Time spent auto-exploring this place.
 F = Levels seen in this place.
 G = Mean time per level.
                   A        B        C        D        E       F      G
               +--------+--------+--------+--------+--------+-----+--------+
         Total |   5763 |   5553 |    210 |    447 |   3600 |   8 |  720.4 |
       Dungeon |   5524 |   5314 |    210 |    383 |   3491 |   7 |  789.1 |
         Sewer |    238 |    238 |      0 |     64 |    109 |   1 |  238.0 |
               +--------+--------+--------+--------+--------+-----+--------+

Top non-repeatable levels by time:
     D:5: 1033 daAuts
     D:6: 971 daAuts
     D:3: 884 daAuts
     D:1: 853 daAuts
     D:4: 813 daAuts
     D:2: 520 daAuts
     D:7: 446 daAuts
   Sewer: 238 daAuts
